 Dungeon Crawl Stone Soup version 0.30-a0-585-g93115170b9 (webtiles) character file.

Game seed: 13842326651422210153

53 bmack86 the Shield-Bearer (level 3, -2/33 HPs)
             Began as a Minotaur Fighter on Jan 2, 2023.
             Killed from afar by an orc wizard (10 damage)
             ... with a puff of flame
             ... on level 2 of the Dungeon.
             The game lasted 00:02:51 (1148 turns).

bmack86 the Shield-Bearer (Minotaur Fighter)        Turns: 1148, Time: 00:02:52

Health: -2/33      AC:  8    Str: 22    XL:     3   Next: 64%
Magic:  11/11      EV:  9    Int:  5    God:
Gold:   61         SH:  0    Dex:  9    Spells: 2/2 levels left

rFire   . . .      SeeInvis .    a - +0 war axe
rCold   . . .      Faith    .    c - +0 buckler
rNeg    + . .      Spirit   .    b - +0 scale mail
rPois   .          Reflect  .    (helmet restricted)
rElec   .          Harm     .    l - +0 cloak
rCorr   .          Rampage  .    (no gloves)
Will    .....                    (no boots) Stlth
                                 (no amulet)
HPRegen 0.25/turn                j - ring of magical power
MPRegen 0.12/turn                k - ring of positive energy

@: confused
A: horns 2, retaliatory headbutt
a: no special abilities


You were on level 2 of the Dungeon.
You visited 1 branch of the dungeon, and saw 2 of its levels.

You collected 61 gold pieces.

Inventory:

Hand Weapons
 a - a +0 war axe (weapon)
Armour
 b - a +0 scale mail (worn)
 c - a +0 buckler (worn)
 l - a +0 cloak (worn)
Jewellery
 g - a ring of ice
 j - a ring of magical power (left hand)
 k - a ring of positive energy (right hand)
 n - a ring of positive energy
Scrolls
 e - 2 scrolls of immolation
 m - a scroll of silence {unknown}
Potions
 d - a potion of might
 f - a potion of degeneration
 h - a potion of heal wounds {unknown}
 i - a potion of resistance {unknown}
 o - a potion of magic {unknown}


   Skills:
 + Level 4.1 Fighting
 * Level 3.6 Axes
 + Level 4.1 Armour
 + Level 4.1 Shields


You had 2 spell levels left.
You didn't know any spells.
Your spell library contained the following spells:

 Spells                   Type           Power      Damage    Failure   Level
 Inner Flame              Hex/Fire       0%         N/A       99%         3
 Cause Fear               Hex            0%         N/A       100%        4
 Discord                  Hex            0%         N/A       100%        8


Dungeon Overview and Level Annotations

Branches:
Dungeon (2/15)

Altars:

Shops:
D:1 !


Innate Abilities, Weirdness & Mutations

You have a pair of horns on your head.
You reflexively headbutt those who attack you in melee.


Message History

You kill the dart slug!
You hit the worm. You hit something.
You hear some strange, mumbled words.
Something tries to affect you, but you resist.
The worm barely misses you.
You miss something. Your headbutt misses something. You hit the worm.
You kill the worm!
You completely miss the kobold. Something hits you but does no damage.
The kobold throws a stone.
The stone barely misses you. Something hits you.
The kobold hits you but does no damage. The rat closely misses you.
You miss something. You hit the kobold but do no damage.
You closely miss the rat. Something hits you. The rat completely misses you.
The kobold hits you but does no damage.
You miss something. Your headbutt misses something. You hit the kobold.
You kill the kobold!
You slash the rat!
You kill the rat!
Something hits you but does no damage.
You slash something! You miss the kobold. Something hits you.
* * * LOW HITPOINT WARNING * * *
The kobold barely misses you. The kobold hits you with a +0 club.
* * * LOW HITPOINT WARNING * * *
You hear some strange, mumbled words.
You are confused.
You miss something. You miss the kobold. The kobold closely misses you.
Something hits you but does no damage.
Found a dagger.
Something hits you.
* * * LOW HITPOINT WARNING * * *
The kobold hits you but does no damage.
You hear some strange, mumbled words.
A puff of flame appears from out of thin air!
The puff of flame misses you.
The kobold throws a stone.
The stone barely misses you.
You completely miss something.
Something hits you but does no damage. x2
The kobold hits you but does no damage.
The kobold throws a stone.
The stone hits you but does no damage.
You hear some strange, mumbled words.
A puff of flame appears from out of thin air!
The puff of flame hits you!
You die...

#........... #...
#........... #...
#........... #... ..
#.........##
##......###.........##
..=..:.....)......... #
#...###..##.#+#+#.##
##?##.##:##.##...#+#.#
#?....@..)#..#.......#
##.......##..#.†.....#
#.....K{#...........#
#............###......#
##..#...#)##.#........#
##.#/..#.##.####.....#
# ##)##..#.# #####.# ##
...#.. .# ....## ##


You could see a kobold.

Vanquished Creatures
  3 worms (D:2)
  3 dart slugs
  2 ball pythons (D:1)
  5 endoplasms
  A giant cockroach (D:2)
  6 hobgoblins (D:1)
  3 quokkas (D:1)
  4 bats
  A frilled lizard (D:1)
  2 goblins
  5 kobolds
  3 rats
38 creatures vanquished.

Notes
Turn   | Place    | Note
-------+----------+-------------------------------------------
     0 | D:1      | bmack86 the Minotaur Fighter began the quest for the Orb.
     0 | D:1      | Reached XP level 1. HP: 19/19 MP: 0/0
   116 | D:1      | Reached XP level 2. HP: 23/27 MP: 1/1
   317 | D:1      | Found Jojy's Distillery.
   709 | D:1      | Reached XP level 3. HP: 33/33 MP: 2/2
  1148 | D:2      | Killed from afar by an orc wizard

Illustrated notes

Levels and vault maps discovered:
D:1:      onia_arrival_pentagram, layout_basic, serial_shops, shop,
          chequers_jeans, nrook_loot_triangle
D:2:      layout_basic, serial_shops, shop, minmay_three_crescents

Skill      XL: |  1  2  3 |
---------------+----------+-----
Axes           | 3 |  3.6
Shields        | 4 |  4.1
Fighting       | 4 |  4.1
Armour         | 4 |  4.1

Action                   || total
-------------------------++-------
Melee: War axe           ||    72
       Headbutt          ||    10
  Use: Scroll            ||     4
Armor: Scale mail        ||    39
Dodge: Dodged            ||    52
Block: Buckler           ||    17

Table legend: (Time is in decaauts)
 A = Elapsed time spent in this place.
 B = Non-inter-level travel time spent in this place.
 C = Inter-level travel time spent in this place.
 D = Time resting spent in this place.
 E = Time spent auto-exploring this place.
 F = Levels seen in this place.
 G = Mean time per level.
                   A        B        C        D        E       F      G
               +--------+--------+--------+--------+--------+-----+--------+
         Total |   1174 |   1126 |     48 |      0 |    767 |   2 |  587.0 |
       Dungeon |   1174 |   1126 |     48 |      0 |    767 |   2 |  587.0 |
               +--------+--------+--------+--------+--------+-----+--------+

Top non-repeatable levels by time:
     D:1: 963 daAuts
     D:2: 210 daAuts
